 Dungeon Crawl Stone Soup version 0.27-a0-1347-gd8886f0a89 (webtiles) character file.

Game seed: 5292778068316144737

11 Brandom the Sneak (level 2, -2/25 HPs)
             Began as a Demigod Delver on June 27, 2021.
             Slain by a water moccasin zombie (4 damage)
             ... on level 5 of the Dungeon.
             The game lasted 00:00:20 (139 turns).

Brandom the Sneak (Demigod Delver)                   Turns: 139, Time: 00:00:21

Health: -2/25      AC:  3    Str: 13    XL:     2   Next: 3%
Magic:  4/4        EV: 12    Int: 12    God:
Gold:   11         SH:  0    Dex: 15    Spells: 1/1 levels left

rFire    . . .     SeeInvis .   a - +0 mace
rCold    . . .     Faith    .   (no shield)
rNeg     . . .     Spirit   .   b - +0 leather armour
rPois    .         Reflect  .   (no helmet)
rElec    .         Harm     .   (no cloak)
rCorr    .         Rampage  .   (no gloves)
Will     .....                  (no boots)
Stlth    +++.......             (no amulet)
HPRegen  0.08/turn              (no ring)
MPRegen  0.09/turn              (no ring)

@: no status effects
A: high mp 1, forlorn
a: no special abilities


You were on level 5 of the Dungeon.
You visited 1 branch of the dungeon, and saw 1 of its levels.

You collected 11 gold pieces.

Inventory:

Hand Weapons
 a - a +0 mace (weapon)
Armour
 b - a +0 leather armour (worn)
Wands
 v - a wand of digging (3)
Scrolls
 c - a scroll of fog
 d - a scroll of magic mapping
 e - a scroll of fear
Potions
 f - a potion of haste {@q3}


   Skills:
 * Level 2.9 Fighting
 * Level 2.1 Maces & Flails
 + Level 0.3 Armour
 + Level 1.9 Dodging
 - Level 4.5 Stealth


You had one spell level left.
You didn't know any spells.
Your spell library was empty.

Dungeon Overview and Level Annotations

Branches:
Dungeon (5/15)
 Temple: D:4-7


Innate Abilities, Weirdness & Mutations

Your attributes grow dramatically as you level up.
You have an increased reservoir of magic. (+10% MP)
You shall have no god before yourself.


Message History

The howler monkey zombie barely misses you.
You hit the howler monkey zombie.
The howler monkey zombie closely misses you.
You hit the howler monkey zombie.
The howler monkey zombie barely misses you.
You barely miss the howler monkey zombie.
The howler monkey zombie barely misses you.
You completely miss the howler monkey zombie.
The howler monkey zombie closely misses you.
The howler monkey zombie hits you but does no damage.
You hit the howler monkey zombie. The howler monkey zombie hits you.
You hit the howler monkey zombie.
The howler monkey zombie barely misses you.
You hit the howler monkey zombie.
The howler monkey zombie hits you but does no damage.
The howler monkey zombie hits you.
You hit the howler monkey zombie. The howler monkey zombie hits you.
You hit the howler monkey zombie but do no damage.
The howler monkey zombie closely misses you.
You barely miss the howler monkey zombie.
The howler monkey zombie hits you.
* * * LOW HITPOINT WARNING * * *
The howler monkey zombie barely misses you.
You hit the howler monkey zombie.
The howler monkey zombie hits you but does no damage.
You hit the howler monkey zombie.
You destroy the howler monkey zombie!
Your Maces & Flails skill increases to level 2!
You have reached level 2!
You start resting.
A water moccasin zombie comes into view.
Unknown command.
You strike the helpless water moccasin zombie from behind!
You hit the water moccasin zombie. The water moccasin zombie bites you.
You hit the water moccasin zombie but do no damage.
The water moccasin zombie barely misses you.
The water moccasin zombie closely misses you.
You barely miss the water moccasin zombie.
The water moccasin zombie closely misses you.
You hit the water moccasin zombie.
The water moccasin zombie bites you but does no damage.
The water moccasin zombie bites you.
* * * LOW HITPOINT WARNING * * *
You barely miss the water moccasin zombie.
The water moccasin zombie bites you.
* * * LOW HITPOINT WARNING * * *
You hit the water moccasin zombie. The water moccasin zombie bites you!
* * * LOW HITPOINT WARNING * * *
The water moccasin zombie bites you.
You die...

....#### ###.# #.#
#.# #.# #### #.#
#.. #.# #.#
.##.############Z#
...........>....@#
.###.##.#.########
#......# #..#.#.#
#.......#
#.#.#.#.#
....#....# S.#.#
#.#.# .. ...


You could see a water moccasin zombie.

Vanquished Creatures
  A howler monkey zombie (D:5)
1 creature vanquished.

Notes
Turn   | Place    | Note
-------+----------+-------------------------------------------
     0 | D:5      | Brandom the Demigod Delver began the quest for the Orb.
     0 | D:5      | Reached XP level 1. HP: 18/18 MP: 3/3
    59 | D:5      | Reached XP level 2. HP: 12/25 MP: 4/4
   139 | D:5      | Slain by a water moccasin zombie

Illustrated notes

Levels and vault maps discovered:
D:5:      layout_loops_ring, kennysheep_mini, chequers_mini_garden,
          hangedman_decor_riveting, kennysheep_small_square

Skill      XL: |  1 |
---------------+----+-----
Maces & Flails | 2 |  2.1
Fighting       | |  2.9
Armour         | |  0.3
Dodging        | |  1.9
Stealth        | |  4.5

Action                   || total
-------------------------++-------
Melee: Mace              ||    18
 Stab: Distracted        ||     1
Armor: Leather armour    ||     4
Dodge: Dodged            ||    11

Table legend: (Time is in decaauts)
 A = Elapsed time spent in this place.
 B = Non-inter-level travel time spent in this place.
 C = Inter-level travel time spent in this place.
 D = Time resting spent in this place.
 E = Time spent auto-exploring this place.
 F = Levels seen in this place.
 G = Mean time per level.
                   A        B        C        D        E       F      G
               +--------+--------+--------+--------+--------+-----+--------+
         Total |    144 |    144 |      0 |     74 |     36 |   1 |  144.0 |
       Dungeon |    144 |    144 |      0 |     74 |     36 |   1 |  144.0 |
               +--------+--------+--------+--------+--------+-----+--------+

Top non-repeatable levels by time:
     D:5: 144 daAuts
